 Dungeon Crawl Stone Soup version 0.30.0-10-gfe55d96785 (webtiles) character file.

Game seed: 7178373742557735153

16190 sasquatch the Severer (level 12, -10/178 (189) HPs)
             Began as an Ogre Berserker on May 13, 2023.
             Was a Priest of Trog.
             Mangled by a death yak (26 damage)
             ... in a Gauntlet.
             The game lasted 00:19:40 (11488 turns).

sasquatch the Severer (Ogre Berserker)             Turns: 11488, Time: 00:19:41

HP:   -10/178 (189) AC:  7    Str: 28    XL:     12   Next: 34%
MP:   12/12         EV: 10    Int:  8    God:    Trog [***...]
Gold: 432           SH:  0    Dex:  8    Spells: 11/11 levels left

rFire   + . .        g - +3 broad axe (heavy)
rCold   . . .        (no shield)
rNeg    . . .        N - +0 steam dragon scales
rPois   .            (helmet restricted)
rElec   .            y - +0 cloak
rCorr   +            (gloves unavailable)
SInv    .            (boots unavailable)
Will    +++..        (no amulet) Stlth
                     r - ring of resist corrosion
HPRegen 1.49/turn    C - ring of protection from fire
MPRegen 0.13/turn

%: no teleportation
@: mighty, berserking (expiring), strong-willed, regenerating, drained, very
quick
A: large, unfitting armour, tough skin 1
a: Renounce Religion, Berserk, Trog's Hand


You were in a Gauntlet.
You worshipped Trog.
Trog was most pleased with you.
You visited 2 branches of the dungeon, and saw 12 of its levels.
You also visited: Gauntlet.

You collected 490 gold pieces.
You spent 58 gold pieces at shops.

Inventory:

Hand Weapons
 a - a +0 war axe of electrocution
 b - the +0 flail "Rayh" {flame, SInv}
   (You found it on level 4 of the Dungeon)

   SInv:      It lets you see invisible.
 g - a +3 heavy broad axe (weapon)
 s - a +0 heavy war axe
Missiles
 x - 27 poisoned darts (quivered)
 F - 2 throwing nets
 J - 4 javelins
 K - a curare-tipped dart
Armour
 u - a +1 tower shield
 y - a +0 cloak (worn)
 B - a +1 robe of willpower
 N - +0 steam dragon scales (worn)
Jewellery
 e - a ring of ice
 r - a ring of resist corrosion (left hand)
 v - the ring of Siec Hic {AC+4 Str+3}
   (You found it in a Gauntlet)

   [ring of protection]

   AC:        It affects your AC (+4).
   Str:       It affects your strength (+3).
 C - a ring of protection from fire (right hand)
 O - a ring of magical power
Wands
 m - a wand of mindburst (23)
 G - a wand of paralysis (6)
 H - a wand of roots (10)
 R - a wand of flame (10)
Scrolls
 d - 2 scrolls of brand weapon
 f - 6 scrolls of fear
 h - 2 scrolls of noise {unknown}
 i - 2 scrolls of butterflies {unknown}
 n - 5 scrolls of teleportation
 p - 2 scrolls of enchant weapon {unknown}
 q - 2 scrolls of silence {unknown}
 t - a scroll of enchant armour
 A - 7 scrolls of immolation
 E - 4 scrolls of fog
 P - a scroll of amnesia {unknown}
Potions
 j - 3 potions of invisibility
 k - 2 potions of might
 l - 2 potions of heal wounds
 o - 2 potions of lignification
 w - a potion of mutation
 I - a potion of haste
 L - a potion of magic {unknown}
 M - a potion of curing {unknown}
 Q - a potion of flight
Miscellaneous
 c - a box of beasts


   Skills:
 - Level 10.0 Fighting
 * Level 16.7 Axes
 - Level 2.6 Dodging
 + Level 8.2 Shields


You had 11 spell levels left.
You didn't know any spells.
Your spell library was empty.

Dungeon Overview and Level Annotations

Branches:
Dungeon (8/15)             Temple (0/1) D:6            Lair (4/5) D:8
  Snake (0/4) Lair:2        Slime (0/5) Lair:4      Gauntlet (1/1)
  Swamp: Lair:2-3    Shoals: Lair:2-3

Altars:
Ashenzari
Dithmenos
Hepliaklqana
Okawaru
Qazlal
Uskayaw
Wu Jian
Xom
The Shining One

Shops:
D:3 ([   D:7 :

Annotations:
Lair:2 Amaemon
Lair:4 1 runed translucent door Gauntlet 11 transporters, 3 runed translucent doors, exclusion: lightning spire


Innate Abilities, Weirdness & Mutations

You are too large for most types of armour.
You have tough skin. (AC +1)


Message History

The death yak gores you!
Unknown command.
You chop the death yak into pieces!!!
You kill the death yak!
Trog accepts your kill.
You barely miss the necromancer.
The necromancer casts a spell.
The necromancer binds the souls of nearby monsters.
Your Shields skill increases to level 8!
You slash the death yak!
The death yak is lightly wounded.
You hit the necromancer.
Unknown command.
You cut the death yak into ribbons!!!
The death yak is severely wounded.
You closely miss the necromancer. The death yak barely misses you.
The necromancer hits you with a +0 dagger.
Unknown command.
You slice the death yak!!
You kill the death yak!
Trog accepts your kill.
You barely miss the necromancer.
The necromancer hits you with a +0 dagger.
Unknown command.
You slash the death yak!
The death yak is severely wounded.
You miss the necromancer. The death yak gores you!!
* * * LOW HITPOINT WARNING * * *
The necromancer casts a spell at you. The bolt of negative energy hits you!!!
You feel drained.
* * * LOW HITPOINT WARNING * * *
You barely miss the death yak.
The death yak is severely wounded.
You slash the necromancer!
Unknown command.
You are too berserk!
You closely miss the necromancer.
The necromancer is heavily wounded.
You slice the death yak!! The death yak gores you!!
You die...

.'.©#©.#..## ##§.#.©##.#©#.©#..##
^'###..#..≈###§..#..#..#....#..≈#
.#..#..#..##≈##..#..#.###.#[#..##
.#.:#..#.........#..#2.....2#..≈#
#####..#.........#..#########..##
....#..###########..#..........##
#####..#Yp.......#..#########..#.
.[?5#..#YY##.##p.#..#...^..!#..#.
###5#..#.##...##@#..#.##.##?#.8#.
..#3#..#.#.....#Y#..##..#..##..#.
#.###©©#....©...Y#©©#.##©##©#.∩#.
#...#..#.#.....#[#..##..#.8##..#.
###.#..#.##...##!#..#h##.##.#.8#.
..+.#..#..##.##..#..#...^..[#..#.
#####..#.........#..#########..#.
....#..###########..#..........##
#####..#.........#..#########..##


You could see 2 death yaks, a balrug, a necromancer and a raiju.

Vanquished Creatures
  A catoblepas (Lair:1)
  A two-headed ogre (D:8)
  3 death yaks (Gauntlet)
  A moth of wrath (Gauntlet)
  2 black mambas
  7 elephants (Lair:1)
  2 cane toads
  Psyche (D:8)
  2 rime drakes (Lair:1)
  A polar bear (Lair:2)
  A blink frog (Lair:1)
  A dream sheep (Lair:1)
  Sigmund (D:3)
  A wyvern (Lair:1)
  13 yaks
  A steam dragon (D:7)
  2 nagas (Lair:2)
  2 acid dragons (D:8)
  5 water moccasins
  An orc warrior (D:5)
  2 black bears (D:5)
  An ice beast (D:7)
  23 wolves
  4 ogres
  2 centaurs
  A phantom (D:3)
  A kobold brigand (D:8)
  2 bullfrogs (Lair:1)
  2 gnoll sergeants
  A scorpion (D:6)
  9 wights
  6 howler monkeys
  A gnoll bouda (D:6)
  A jelly (D:6)
  3 orc priests
  4 hounds
  2 sleepcaps
  Jessica (D:3)
  6 orc wizards
  Natasha (twice) (D:3 D:2)
  3 iguanas
  4 adders
  13 gnolls
  2 shadow imps (D:6)
  A white imp (D:7)
  2 ufetubi
  4 worms
  3 dart slugs
  31 orcs
  3 ball pythons
  5 endoplasms
  5 giant cockroaches
  3 goblins
  6 hobgoblins
  9 kobolds
  2 quokkas
  7 bats
  3 frilled lizards
  6 rats
235 creatures vanquished.

Notes
Turn   | Place    | Note
-------+----------+-------------------------------------------
     0 | D:1      | sasquatch the Ogre Berserker began the quest for the Orb.
     0 | D:1      | Reached XP level 1. HP: 24/24 MP: 1/1
   154 | D:1      | Reached XP level 2. HP: 30/32 MP: 2/2
   781 | D:1      | Reached XP level 3. HP: 28/40 MP: 3/3
  1368 | D:2      | Reached skill level 4 in Axes
  1792 | D:3      | Noticed a phantom
  1798 | D:3      | Reached XP level 4. HP: 49/49 MP: 4/4
  1801 | D:3      | Reached ** piety under Trog
  1802 | D:3      | Killed a phantom
  1803 | D:3      | Reached skill level 5 in Fighting
  1803 | D:3      | Reached skill level 5 in Axes
  1803 | D:3      | Reached XP level 5. HP: 57/57 MP: 5/5
  1861 | D:3      | Noticed Sigmund
  1880 | D:3      | Killed Sigmund
  1881 | D:3      | Reached XP level 6. HP: 46/67 MP: 6/6
  1951 | D:3      | Found Surhuh's Armour Shop.
  2022 | D:3      | Noticed Natasha
  2132 | D:3      | Killed Natasha
  2133 | D:3      | Reached skill level 6 in Axes
  2222 | D:3      | Bought a +0 tower shield for 58 gold pieces
  2248 | D:3      | Found a glowing golden altar of the Shining One.
  2262 | D:3      | Noticed Natasha
  2272 | D:2      | Killed Natasha
  2350 | D:3      | Reached XP level 7. HP: 76/76 MP: 7/7
  2399 | D:3      | Found Nuwk's Weapon Emporium.
  2442 | D:3      | Noticed Jessica
  2445 | D:3      | Killed Jessica
  2816 | D:4      | Identified the +0 flail "Rayh" {flame, SInv}
  2824 | D:4      | Reached skill level 7 in Axes
  3274 | D:5      | Entered Level 5 of the Dungeon
  3276 | D:5      | Found an iron altar of Okawaru.
  3358 | D:5      | Reached XP level 8. HP: 50/88 MP: 8/8
  3588 | D:5      | Reached skill level 8 in Axes
  4033 | D:5      | Found an ornate altar of the Wu Jian Council.
  4033 | D:5      | Found a hide-covered altar of Uskayaw.
  4036 | D:5      | Found a stormy altar of Qazlal.
  4090 | D:5      | Found a hazy altar of Hepliaklqana.
  4115 | D:5      | Found a shimmering altar of Xom.
  4155 | D:6      | Reached skill level 9 in Axes
  4579 | D:6      | Found a staircase to the Ecumenical Temple.
  4675 | D:6      | Reached *** piety under Trog
  4775 | D:6      | Reached XP level 9. HP: 98/98 MP: 9/9
  5164 | D:6      | Found a shadowy altar of Dithmenos.
  5216 | D:6      | Identified the +6 rapier of Fyclixy {freeze, rN+ Str-2
                  | Dex+3}
  5309 | D:6      | Reached skill level 10 in Axes
  5737 | D:7      | Reached skill level 10 in Fighting
  6023 | D:7      | Found a broken altar of Ashenzari.
  6260 | D:7      | Identified the +3 morningstar "Toog" {elec, Str+2}
  6356 | D:7      | Found Ipailutu's Tremendous Tomes.
  6362 | D:7      | Reached skill level 11 in Axes
  6567 | D:8      | Noticed a two-headed ogre
  6571 | D:8      | Noticed Psyche
  6573 | D:8      | Killed a two-headed ogre
  6574 | D:8      | Reached skill level 12 in Axes
  6582 | D:8      | Killed Psyche
  6583 | D:8      | Reached XP level 10. HP: 110/110 MP: 10/10
  6734 | D:8      | Reached skill level 13 in Axes
  7568 | D:8      | Found a staircase to the Lair.
  7813 | Lair:1   | Entered Level 1 of the Lair of Beasts
  7821 | Lair:1   | Reached skill level 14 in Axes
  7832 | Lair:1   | Reached **** piety under Trog
  8187 | Lair:1   | Reached XP level 11. HP: 117/117 MP: 11/11
  8193 | Lair:1   | Reached skill level 15 in Axes
  9084 | Lair:1   | Identified the +5 sling "Osukus" {freeze, Str+3}
  9192 | Lair:1   | Reached skill level 16 in Axes
  9192 | Lair:1   | Reached skill level 1 in Shields
  9641 | Lair:1   | Reached skill level 5 in Shields
  9682 | Lair:1   | Noticed a catoblepas
  9718 | Lair:1   | Killed a catoblepas
 10160 | Lair:2   | Found a staircase to the Snake Pit.
 10160 | Lair:2   | Noticed Amaemon
 10538 | Lair:2   | You fall into a shaft and drop 2 floors!
 10538 | Lair:4   | Noticed an acid blob
 10538 | Lair:4   | Found a runed translucent door.
 10538 | Lair:4   | Found a staircase to the Slime Pits.
 10552 | Lair:3   | Identified a scroll of acquirement
 10552 | Lair:3   | Acquired a +3 heavy broad axe
 10564 | Lair:3   | Reached XP level 12. HP: 112/126 MP: 12/12
 10840 | Lair:3   | Found a gate leading to a gauntlet.
 10845 | Gauntlet | Entered a Gauntlet
 10845 | Gauntlet | Found a transporter.
 10845 | Gauntlet | Found a runed translucent gate.
 10845 | Gauntlet | Found a transporter.
 11096 | Gauntlet | Found a transporter.
 11097 | Gauntlet | Found a runed translucent gate.
 11098 | Gauntlet | Found a runed translucent gate.
 11099 | Gauntlet | Found a transporter.
 11100 | Gauntlet | Found a transporter.
 11102 | Gauntlet | Noticed a death yak
 11103 | Gauntlet | Noticed a death yak
 11135 | Gauntlet | Noticed a death yak
 11136 | Gauntlet | Noticed a death yak
 11137 | Gauntlet | Noticed a death yak
 11139 | Gauntlet | Found a transporter.
 11142 | Gauntlet | Found a transporter.
 11142 | Gauntlet | Found a transporter.
 11153 | Gauntlet | Noticed a balrug
 11155 | Gauntlet | Found a transporter.
 11171 | Gauntlet | Found a transporter.
 11181 | Gauntlet | Found a transporter.
 11198 | Gauntlet | Found a transporter.
 11216 | Gauntlet | Found a transporter.
 11217 | Gauntlet | Found a runed translucent door.
 11218 | Gauntlet | Found a runed translucent door.
 11223 | Gauntlet | Noticed a soul eater
 11224 | Gauntlet | Found a runed translucent door.
 11230 | Gauntlet | Found a transporter.
 11466 | Gauntlet | Identified the ring of Siec Hic {AC+4 Str+3}
 11471 | Gauntlet | Killed a death yak
 11482 | Gauntlet | Killed a death yak
 11485 | Gauntlet | Killed a death yak
 11488 | Gauntlet | Mangled by a death yak

Illustrated notes

Levels and vault maps discovered:
D:1:      scummos_arrival_simple_fountains, layout_basic
D:2:      layout_loops_corners
D:3:      layout_rooms, tso_oasis_becter, serial_shops, nicolae_shop_stone,
          shop, uniq_sigmund, uniq_jessica, uniq_natasha
D:4:      layout_basic
D:5:      black_bear_nest_2, layout_cave_pools,
          worldfamousw_hep_ancestral_shrine, kennysheep_mini,
          chequers_temple_overflow_statue_of_worship, grunt_decor_cap
D:6:      layout_basic, grunt_dithmenos_shadows, minmay_temple_entry_mist,
          kennysheep_generic_room_14
D:7:      layout_cave_pools, nicolae_ashenzari_panopticon,
          minmay_misc_feat_tiny, grunt_decor_mini_mirrors,
          kennysheep_decorative_pillar, nicolae_shop_i_like_big_books,
          corexii_leaking_fountain, minmay_misc_feat_room
D:8:      layout_rooms, dpeg_oklobed_lair, kennysheep_generic_room_8,
          uniq_psyche
Lair:1:   layout_long_grid, hangedman_lair_generics_rect
Lair:2:   layout_regular_city, minmay_shoals_entry_lonely_mermaid,
          guppyfry_snake_entry_island, minivault_26, uniq_amaemon
Lair:3:   layout_layer_cave, gauntlet_entry_generic, st_stairs_5,
          grunt_megastairs_1
Lair:4:   layout_gridlike, slime_entry_2, forest_entry_grove
Gauntlet: gammafunk_gauntlet_mixed_choke_point
          [minmay_gauntlet_arena_77_run_for_it, minmay_gauntlet_arena_77_path,
          minmay_gauntlet_arena_77_cramped,
          gammafunk_gauntlet_arena_split_diamond,
          minmay_gauntlet_arena_77_broken_ladder,
          minmay_gauntlet_arena_77_braids, minmay_gauntlet_arena_77_mirror,
          gauntlet_exit_watery]

Skill      XL: |  1  2  3  4  5  6  7  8  9 10 11 12 |
---------------+-------------------------------------+-----
Axes           | 4 5 6 7 9 12 14 16 | 16.7
Fighting       | 5 6 7 9 10 | 10.0
Shields        | 7 8 |  8.2
Dodging        | |  2.6

Action                     |  1- 3 |  4- 6 |  7- 9 | 10-12 || total
---------------------------+-------+-------+-------+-------++-------
  Melee: Hand axe          |   115 |     5 |       |       ||   120
         Punch             |     2 |       |     2 |     1 ||     5
         War axe           |       |    30 |   250 |   229 ||   509
         Flail             |       |       |    11 |     2 ||    13
         Broad axe         |       |       |       |    62 ||    62
  Throw: Dart              |       |       |     4 |       ||     4
 Invoke: Berserk           |     1 |     3 |    11 |    13 ||    28
         Trog's Hand       |       |     1 |     3 |     1 ||     5
  Evoke: Wand              |       |     2 |     3 |       ||     5
    Use: Potion            |       |     1 |       |     2 ||     3
         Scroll            |       |       |       |    16 ||    16
   Stab: Sleeping          |       |       |     1 |       ||     1
 Armour: Animal skin       |    34 |    11 |    19 |       ||    64
         Robe              |       |       |    76 |    15 ||    91
         Steam dragon scal |       |       |       |    54 ||    54
  Dodge: Dodged            |    67 |    28 |   160 |   126 ||   381
  Block: Tower shield      |       |       |       |     5 ||     5
